 Dungeon Crawl Stone Soup version 0.23-a0-14-g8c9a20f (webtiles) character file.

305 galech the Shield-Bearer (level 6, -8/55 HPs)
             Began as a Minotaur Fighter on Aug 2, 2018.
             Killed by divine providence
             ... invoked by an orc priest
              (13 damage)
             ... on level 4 of the Dungeon.
             The game lasted 00:05:24 (2616 turns).

galech the Shield-Bearer (Minotaur Fighter)         Turns: 2616, Time: 00:05:25

Health: -8/55      AC: 13    Str: 20    XL:     6   Next: 15%
Magic:  5/5        EV:  4    Int:  5    God:
Gold:   240        SH: 10    Dex: 12    Spells: 5/5 levels left

rFire    . . .     SeeInvis .   a - +0 war axe
rCold    . . .     Gourm    .   c - +0 shield
rNeg     . . .     Faith    .   r - +0 plate armour
rPois    .         Spirit   .   (helmet restricted)
rElec    .         Reflect  .   (no cloak)
rCorr    .         Harm     .   t - +0 pair of gloves
MR       .....                  (no boots)
Stlth    ..........             (no amulet)
HPRegen  0.18/turn              k - ring of wizardry
MPRegen  0.09/turn              (no ring)

@: no status effects
A: retaliatory headbutt, horns 2
a: no special abilities


You were on level 4 of the Dungeon.
You were not hungry.

You visited 2 branches of the dungeon, and saw 5 of its levels.

You collected 240 gold pieces.

Inventory:

Hand Weapons
 a - a +0 war axe (weapon)
Armour
 c - a +0 shield (worn)
 r - a +0 plate armour (worn)
 t - a +0 pair of gloves (worn)
Jewellery
 k - a ring of wizardry (left hand)
 q - an uncursed ring of ice
Scrolls
 b - a scroll of random uselessness
 h - 4 scrolls of teleportation
 m - 2 scrolls of identify
 n - a scroll of enchant weapon
 o - 2 scrolls of blinking
 p - a scroll of enchant armour {unknown}
 u - 2 scrolls of amnesia {unknown}
Potions
 d - 3 potions of might
 e - 3 potions of mutation {unknown}
 i - 2 potions of flight {unknown}
 j - a potion of degeneration {unknown}
 l - a potion of brilliance {unknown}
 s - 2 potions of curing {unknown}
Comestibles
 f - 9 rations
 g - 12 chunks of flesh


   Skills:
 + Level 4.9 Fighting
 + Level 4.6 Axes
 + Level 4.9 Armour
 + Level 0.8 Dodging
 + Level 5.4 Shields


You had 5 spell levels left.
You didn't know any spells.
Your spell library was empty.

Dungeon Overview and Level Annotations

Branches:
Dungeon (4/15)             Temple (1/1) D:4

Altars:
Ashenzari
Cheibriados
Dithmenos
Elyvilon
Hepliaklqana
Kikubaaqudgha
Nemelex Xobeh
Qazlal
Ru
Trog
Uskayaw
Vehumet
Wu Jian
Zin
The Shining One


Innate Abilities, Weirdness & Mutations

You reflexively headbutt those who attack you in melee.
You have a pair of horns on your head.


Message History

Your shield and plate armour prevent you from hitting the orc priest.
Your headbutt misses the orc priest. You block the orc priest's attack.
You closely miss the orc priest. You block the orc priest's attack.
You hit the orc priest but do no damage.
The orc priest hits you but does no damage.
The orc priest closely misses you.
You hit the orc priest. Your headbutt misses the orc priest.
The orc priest is moderately wounded.
You block the orc priest's attack.
You hit the orc priest but do no damage.
The orc priest is moderately wounded.
You block the orc priest's attack.
You closely miss the orc priest. You headbutt the orc priest!
The orc priest is severely wounded.
The orc priest hits you but does no damage.
You hit the orc priest.
The orc priest is almost dead.
The orc priest mumbles some strange prayers to Beogh against you.
Beogh smites you!
You die...

#.....# #.##§≈≈≈≈§≈######
###)#..≈≈≈§≈.#.....
..#)#...≈§≈..#.....
#.#(#..##.#.....÷.. #
#.#o##.##.###...... #.#.#.##.##.#
#...... #.#...##.##.###...... #
#..o####.##.......... #
#.######.@....#######.....
#####..#................#..'.....
#......#######..###.....#.##.....
#<####.# #..# #.##.....#.....
.......# #..###.##.##..#.....
......## #.............#.....
#####.# #.####.##.##..###### #
#.#....##.###.# ..#.#####.# #.#


You could see an orc priest.

Vanquished Creatures
  A crimson imp (D:3)
  A hound (D:4)
  An orc priest (D:4)
  A hound skeleton (D:4)
  10 adders
  An ooze (D:1)
  2 worms (D:3)
  2 dart slugs (D:1)
  3 leopard geckos
  7 orcs
  A giant cockroach (D:1)
  10 goblins
  11 hobgoblins
  8 jackals (D:3)
  6 kobolds
  A quokka (D:3)
  9 bats
  6 frilled lizards
  12 rats
93 creatures vanquished.

Notes
Turn   | Place    | Note
-------+----------+-------------------------------------------
     0 | D:1      | galech the Minotaur Fighter began the quest for the Orb.
     0 | D:1      | Reached XP level 1. HP: 19/19 MP: 0/0
    51 | D:1      | Reached XP level 2. HP: 26/27 MP: 1/1
   189 | D:1      | Reached skill level 4 in Shields
   287 | D:1      | Reached XP level 3. HP: 26/33 MP: 2/2
   968 | D:2      | Reached XP level 4. HP: 40/40 MP: 3/3
  1541 | D:3      | Found a faded altar of an unknown god.
  1552 | D:3      | Reached XP level 5. HP: 46/47 MP: 4/4
  1689 | D:3      | Reached skill level 5 in Shields
  2000 | D:4      | Found a staircase to the Ecumenical Temple.
  2007 | Temple   | Entered the Ecumenical Temple
  2496 | D:4      | Reached XP level 6. HP: 45/55 MP: 5/5
  2616 | D:4      | Killed from afar by an orc priest

Vault maps used:
D:1:      dpeg_arrival_erosion, st_stairs_10, grunt_decor_arrowhead
D:2:      first_ration, minmay_misc_feat_iff
D:3:      chequers_ecumenical_altar_simple, nrook_loot_triangle
D:4:      minmay_temple_entry_mist
Temple:   regret_index_temple_generic_petals

Skill      XL: |  1  2  3  4  5 |
---------------+----------------+-----
Fighting       | 4 |  4.9
Armour         | 4 |  4.9
Shields        | 4 5 |  5.4
Axes           | 3 4 |  4.6
Dodging        | |  0.8

Action                   |  1- 3 |  4- 6 || total
-------------------------+-------+-------++-------
Melee: War axe           |    91 |   166 ||   257
       Headbutt          |    19 |    33 ||    52
  Use: Scroll            |       |     4 ||     4
  Eat: Chunk             |       |     6 ||     6
Armor: Scale mail        |    30 |       ||    30
       Plate armour      |    19 |   113 ||   132
       Chain mail        |     1 |       ||     1
Dodge: Dodged            |    18 |    27 ||    45
Block: Shield            |    44 |   100 ||   144

Table legend:
 A = Spawn XP
 B = Non-spawn XP
 C = Spawn XP percentage of total XP
 D = Spawn monster count
 E = Non-spawn monster count
 F = Spawn count percentage of total count
 G = Total turns spent on level
                    A         B        C        D         E        F      G
               +---------+---------+-------+---------+---------+-------+---------
         Total |       0 |     436 |   0.0 |       0 |      93 |   0.0 |  2616
               +---------+---------+-------+---------+---------+-------+---------
           D:1 |       0 |      47 |   0.0 |       0 |      24 |   0.0 |   601
           D:2 |       0 |      82 |   0.0 |       0 |      22 |   0.0 |   630
           D:3 |       0 |     164 |   0.0 |       0 |      38 |   0.0 |   712
           D:4 |       0 |     143 |   0.0 |       0 |       9 |   0.0 |   434
               +---------+---------+-------+---------+---------+-------+---------
